[Event "Summer Prague Open-A 2024"]
[Site "Prague"]
[Date "2024.08.06"]
[Round "6.1"]
[White "Nothnagel, Marian Can"]
[Black "Konopka, Michal"]
[Result "1-0"]
[Annotator "RC"]
[ECO "C43"]
[WhiteElo "2410"]
[BlackElo "2325"]
[PlyCount "81"]
[EventDate "2024.08.02"]
[EventType "swiss"]
[EventCountry "CZE"]
[SourceTitle "playchess.com"]
[Source "ChessBase"]
[SourceQuality "1"]
[TimeControl "40/5400+30:1800+30"]

1. e4 e5 2. Nf3 Nf6 3. d4 Nxe4 4. Bd3 Nc6 5. O-O d5 6. dxe5 Bg4 7. Nc3 Nxc3 8. bxc3 Be7 9. Re1 O-O 10. Rb1 b6 11. h3 Be6 12. Nd4 Nxd4 13. cxd4 Qd7 14. c3 Bf5 15. Rb2 Bxd3 16. Qxd3 c5 17. Rbe2 cxd4 18. cxd4 Rac8 19. Bb2 Rc4 20. e6 fxe6 21. Rxe6 Bh4 22. g3 Bf6 23. Ba3 Rfc8 24. Qf5 R4c7 25. Qh5 g6 26. Qf3 Bxd4 27. Qf4 Bc5 28. Bxc5 bxc5 29. Qh4 Qf7 30. Re7 Rxe7 31. Rxe7 g5 32. Qxg5+ Qg6 33. Qxd5+ Kh8 34. Qe5+ Kg8 35. Qd5+ Kh8 36. Re6 Qg7 37. Re4 Qf6 38. Rf4 Qg7 39. Kh2 Qb2 40. Rf7 Qd4 41. Qf5 1-0

[Event "Summer Prague Open-A 2024"]
[Site "Prague"]
[Date "2024.08.06"]
[Round "6.2"]
[White "Prokofiev, Valentyn"]
[Black "Walek, Petr"]
[Result "1-0"]
[Annotator "RC"]
[ECO "B36"]
[WhiteElo "2381"]
[BlackElo "2283"]
[PlyCount "79"]
[EventDate "2024.08.02"]
[EventType "swiss"]
[EventCountry "CZE"]
[SourceTitle "playchess.com"]
[Source "ChessBase"]
[SourceQuality "1"]
[TimeControl "40/5400+30:1800+30"]

1. Nf3 c5 2. c4 Nc6 3. d4 cxd4 4. Nxd4 Nf6 5. Nc3 g6 6. e4 Nxd4 7. Qxd4 d6 8. Be2 Bg7 9. O-O O-O 10. Bg5 a5 11. Rad1 a4 12. Qe3 Qa5 13. Bxf6 Bxf6 14. Nd5 Bxb2 15. Nxe7+ Kg7 16. Nxc8 Raxc8 17. Rxd6 Qc7 18. Qb6 a3 19. Qxc7 Rxc7 20. f4 Re8 21. Bd3 f6 22. h4 Ree7 23. Rd5 Red7 24. Kf2 Kf8 25. g4 h6 26. Kf3 Kg7 27. Re1 Rf7 28. Kg3 Rfd7 29. e5 fxe5 30. fxe5 Rxd5 31. cxd5 Rc3 32. Re3 Bc1 33. Rf3 g5 34. hxg5 hxg5 35. Kf2 Bf4 36. e6 Rc7 37. Rxf4 gxf4 38. d6 Rc3 39. e7 Kf7 40. Bg6+ 1-0

[Event "Summer Prague Open-A 2024"]
[Site "Prague"]
[Date "2024.08.06"]
[Round "6.3"]
[White "Skypala, Ondrej"]
[Black "Pulpan, Jakub"]
[Result "0-1"]
[Annotator "RC"]
[ECO "A22"]
[WhiteElo "2230"]
[BlackElo "2378"]
[PlyCount "64"]
[EventDate "2024.08.02"]
[EventType "swiss"]
[EventCountry "CZE"]
[SourceTitle "playchess.com"]
[Source "ChessBase"]
[SourceQuality "1"]
[TimeControl "40/5400+30:1800+30"]

1. c4 e5 2. Nc3 Nf6 3. g3 d5 4. cxd5 Nxd5 5. Bg2 Nb6 6. Nf3 Nc6 7. O-O Be7 8. a3 O-O 9. b4 Be6 10. Rb1 f6 11. d3 Kh8 12. b5 Nd4 13. Nd2 c6 14. bxc6 Nxc6 15. Nc4 Nxc4 16. dxc4 Qc8 17. Qa4 Bd7 18. Qd1 Bf5 19. Rb5 a6 20. Rb6 Bc5 21. Na4 Rd8 22. Bd5 Qc7 23. Rb3 Ba7 24. e4 Bxe4 25. Be3 b5 26. Nc3 bxc4 27. Rb2 Bxd5 28. Nxd5 Qa5 29. Bxa7 Rxa7 30. Nb4 Rxd1 31. Nxc6 Rxf1+ 32. Kxf1 Qc7 0-1

[Event "Summer Prague Open-A 2024"]
[Site "Prague"]
[Date "2024.08.06"]
[Round "6.4"]
[White "Anwesh, Upadhyaya"]
[Black "Tynyshtyk, Diana"]
[Result "1-0"]
[Annotator "RC"]
[ECO "D71"]
[WhiteElo "2373"]
[BlackElo "1935"]
[PlyCount "67"]
[EventDate "2024.08.02"]
[EventType "swiss"]
[EventCountry "CZE"]
[SourceTitle "playchess.com"]
[Source "ChessBase"]
[SourceQuality "1"]
[TimeControl "40/5400+30:1800+30"]

1. d4 Nf6 2. c4 g6 3. g3 c6 4. Nf3 Bg7 5. Bg2 d5 6. b3 O-O 7. O-O dxc4 8. bxc4 c5 9. Bb2 Nc6 10. d5 Na5 11. Nbd2 b5 12. e4 Nxc4 13. Nxc4 bxc4 14. Qc2 Rb8 15. Bc3 a5 16. Ne5 Bd7 17. Nxc4 Bb5 18. Bxa5 Qc8 19. a4 Bxc4 20. Qxc4 Nd7 21. Rab1 Ne5 22. Qc2 Ra8 23. Bb6 Qa6 24. a5 Rfc8 25. Bh3 Re8 26. Rfc1 Nf3+ 27. Kg2 Ng5 28. Bd7 Red8 29. Bxd8 Rxd8 30. h4 Rxd7 31. Rb8+ Bf8 32. hxg5 Kg7 33. Qxc5 Ra7 34. Qc8 1-0

[Event "Summer Prague Open-A 2024"]
[Site "Prague"]
[Date "2024.08.06"]
[Round "6.5"]
[White "Neuman, Petr"]
[Black "Golenia, Wojciech"]
[Result "1/2-1/2"]
[Annotator "RC"]
[ECO "A64"]
[WhiteElo "2426"]
[BlackElo "2212"]
[PlyCount "230"]
[EventDate "2024.08.02"]
[EventType "swiss"]
[EventCountry "CZE"]
[SourceTitle "playchess.com"]
[Source "ChessBase"]
[SourceQuality "1"]
[TimeControl "40/5400+30:1800+30"]

1. d4 Nf6 2. c4 e6 3. g3 c5 4. d5 exd5 5. cxd5 d6 6. Bg2 g6 7. Nf3 Bg7 8. O-O O-O 9. Nc3 Re8 10. Nd2 a6 11. a4 Nbd7 12. h3 Rb8 13. a5 b5 14. axb6 Nxb6 15. Kh2 Qc7 16. e4 c4 17. Qc2 Nfd7 18. Nf3 Nc5 19. Be3 Nxe4 20. Nxe4 Nxd5 21. Nc3 Nxe3 22. fxe3 Bf5 23. Qa4 Bd7 24. Qxa6 Rxb2 25. Nd4 Bc8 26. Qa3 Rd2 27. Qc1 Rd3 28. Ra8 Qc5 29. Nd5 Kf8 30. Qc2 Bxd4 31. exd4 Qxd4 32. Qf2 Qxf2 33. Rxf2 Be6 34. Nf4 Rxa8 35. Bxa8 Re3 36. Nxe6+ Rxe6 37. Bd5 Re7 38. Bxc4 Rc7 39. Bd5 Kg7 40. g4 h6 41. Kg2 Re7 42. Rf3 f5 43. gxf5 gxf5 44. Rxf5 Re2+ 45. Kg1 Re1+ 46. Kh2 Re5 47. Rf7+ Kg6 48. Bb3 Re2+ 49. Kg1 Re3 50. Rb7 Rxh3 51. Kf2 Kf5 52. Bd5 Rd3 53. Bf3 Rd2+ 54. Ke3 Ra2 55. Be4+ Ke6 56. Rb5 Rh2 57. Bf3 Rh4 58. Kf2 Rf4 59. Kg3 Rd4 60. Rh5 d5 61. Rxh6+ Ke5 62. Rh5+ Kd6 63. Kf2 Kc5 64. Rh8 Kc4 65. Rc8+ Kd3 66. Rc5 Kd2 67. Bxd5 Rf4+ 68. Bf3 Kd3 69. Ra5 Kd4 70. Ra1 Ke5 71. Ke3 Rb4 72. Ra5+ Ke6 73. Be4 Rb2 74. Bd3 Rb4 75. Bf5+ Kd6 76. Be4 Rb3+ 77. Kf4 Rb4 78. Ra6+ Kc5 79. Ke5 Kc4 80. Rc6+ Kb3 81. Kd5 Rb5+ 82. Kd4 Rb4+ 83. Kd3 Ka4 84. Rc5 Rb3+ 85. Kd4 Rb4+ 86. Ke3 Rb3+ 87. Bd3 Kb4 88. Rc6 Rc3 89. Ra6 Ra3 90. Rb6+ Kc5 91. Rb5+ Kd6 92. Kd4 Ra1 93. Rb6+ Kc7 94. Rh6 Rd1 95. Kc4 Rc1+ 96. Kb5 Kd7 97. Bc4 Ke7 98. Kc5 Rd1 99. Bd5 Rd2 100. Re6+ Kd7 101. Rf6 Re2 102. Ra6 Rc2+ 103. Bc4 Ke7 104. Re6+ Kd7 105. Rf6 Ke8 106. Rf4 Rb2 107. Bd5 Ke7 108. Rf7+ Ke8 109. Rh7 Kf8 110. Kd6 Rb6+ 111. Ke5 Ke8 112. Be6 Kd8 113. Rd7+ Kc8 114. Rd6+ Kc7 115. Rxb6 Kxb6 1/2-1/2

[Event "Summer Prague Open-A 2024"]
[Site "Prague"]
[Date "2024.08.06"]
[Round "6.6"]
[White "Persson, Andreas"]
[Black "Garcia Roman, Daniel"]
[Result "0-1"]
[Annotator "RC"]
[ECO "A46"]
[WhiteElo "2139"]
[BlackElo "2397"]
[PlyCount "82"]
[EventDate "2024.08.02"]
[EventType "swiss"]
[EventCountry "CZE"]
[SourceTitle "playchess.com"]
[Source "ChessBase"]
[SourceQuality "1"]
[TimeControl "40/5400+30:1800+30"]

1. d4 Nf6 2. Nf3 d5 3. g3 c5 4. Bg2 cxd4 5. O-O h6 6. b3 g6 7. Bb2 Bg7 8. Bxd4 Nc6 9. Bb2 O-O 10. Na3 Qa5 11. Qc1 Rd8 12. Rd1 Ne4 13. Bxg7 Kxg7 14. c4 Nc3 15. Qb2 d4 16. Rd2 e5 17. Nc2 Ne4 18. b4 Qc7 19. Rdd1 Nc3 20. Rd2 Ne4 21. Rdd1 Nc3 22. Rd2 Bg4 23. e3 Ne4 24. Rd3 Nf6 25. Rd2 Bxf3 26. Bxf3 e4 27. Bg2 d3 28. Na3 Qe5 29. Rb1 Qxb2 30. Rbxb2 Ne5 31. b5 Rac8 32. Rb4 Rc5 33. Ra4 Rdc8 34. Rxa7 Nxc4 35. Nxc4 Rxc4 36. Bxe4 Nxe4 37. Rxd3 Rc1+ 38. Kg2 R1c2 39. Kf3 Re8 40. Rxb7 Rxf2+ 41. Kg4 h5+ 0-1

[Event "Summer Prague Open-A 2024"]
[Site "Prague"]
[Date "2024.08.06"]
[Round "6.7"]
[White "Camarena Jimenez, Rufino"]
[Black "Czaeczine, Anne"]
[Result "1-0"]
[Annotator "NA RC"]
[ECO "D37"]
[WhiteElo "2279"]
[BlackElo "2172"]
[PlyCount "105"]
[EventDate "2024.08.02"]
[EventType "swiss"]
[EventCountry "CZE"]
[SourceTitle "playchess.com"]
[Source "ChessBase"]
[SourceQuality "1"]
[TimeControl "40/5400+30:1800+30"]

1. d4 Nf6 2. c4 e6 3. Nf3 d5 4. Nc3 dxc4 5. e3 a6 6. Bxc4 b5 7. Bb3 Bb7 8. O-O c5 9. e4 cxd4 10. Nxd4 Nbd7 11. Re1 Ne5 12. Bf4 Bd6 13. Nf5 exf5 14. exf5 O-O 15. Bxe5 Bxe5 16. Rxe5 Qc7 17. Re3 Qf4 18. h3 Qxf5 19. Re7 Bc6 20. Qd6 Rac8 21. Rae1 Ba8 22. R1e3 b4 23. Qxb4 Rcd8 24. R7e5 Qc8 25. Qh4 Qc6 26. Rg3 Rd3 27. Reg5 Rxg3 28. Rxg3 Re8 29. Qg5 g6 30. Qd2 Re5 31. Rg5 Rxg5 32. Qxg5 Kg7 33. f3 Qb6+ 34. Kh2 Qd4 35. Nd1 Nh5 36. Qe3 Qd6+ 37. Kg1 Nf4 38. Nf2 Ne6 39. Bxe6 Qxe6 40. Qxe6 fxe6 41. Nd3 Kf6 42. Kf2 h5 43. h4 e5 44. Ke3 Kf5 45. Nc5 a5 46. a3 g5 47. hxg5 Kxg5 48. b4 axb4 49. axb4 Bc6 50. Ne4+ Kf5 51. b5 Bd5 52. b6 Ke6 53. b7 1-0

[Event "Summer Prague Open-A 2024"]
[Site "Prague"]
[Date "2024.08.06"]
[Round "6.8"]
[White "Jedlicka, Ales"]
[Black "Veleshnja, Zino"]
[Result "0-1"]
[Annotator "NA RC"]
[ECO "A40"]
[WhiteElo "2126"]
[BlackElo "2252"]
[PlyCount "84"]
[EventDate "2024.08.02"]
[EventType "swiss"]
[EventCountry "CZE"]
[SourceTitle "playchess.com"]
[Source "ChessBase"]
[SourceQuality "1"]
[TimeControl "40/5400+30:1800+30"]

1. d4 Nf6 2. c4 e6 3. g3 Bb4+ 4. Bd2 Qe7 5. Bg2 Nc6 6. e3 Bxd2+ 7. Nxd2 O-O 8. Ne2 d6 9. O-O e5 10. d5 Nb8 11. Nc3 h5 12. h4 Bg4 13. Qb1 a5 14. Nde4 Nxe4 15. Nxe4 Bf5 16. Qd1 Bxe4 17. Bxe4 f5 18. Bg2 g6 19. b3 Nd7 20. a3 e4 21. b4 Ne5 22. Qe2 axb4 23. axb4 Nd3 24. Rxa8 Rxa8 25. f3 Qe5 26. fxe4 Qxg3 27. exf5 Ne5 28. Qf2 Qxf2+ 29. Rxf2 Ng4 30. Rf3 Ra1+ 31. Bf1 gxf5 32. Kg2 Kg7 33. Kg3 Ra3 34. Be2 Ra2 35. Bd3 Ne5 36. Bb1 Ra1 37. Rf1 Nxc4 38. Kf2 Nd2 39. Rg1+ Kf6 40. Bd3 Rxg1 41. Kxg1 Nf3+ 42. Kf2 Nxh4 0-1

[Event "Summer Prague Open-A 2024"]
[Site "Prague"]
[Date "2024.08.06"]
[Round "6.9"]
[White "Kuhn, Tobias"]
[Black "Kudaibergen, Nurlykhan"]
[Result "1-0"]
[Annotator "RC"]
[ECO "C28"]
[WhiteElo "2223"]
[BlackElo "2041"]
[PlyCount "136"]
[EventDate "2024.08.02"]
[EventType "swiss"]
[EventCountry "CZE"]
[SourceTitle "playchess.com"]
[Source "ChessBase"]
[SourceQuality "1"]
[TimeControl "40/5400+30:1800+30"]

1. e4 e5 2. Bc4 Nc6 3. Nc3 Nf6 4. d3 Bb4 5. Nge2 d5 6. exd5 Nxd5 7. O-O Be6 8. Bxd5 Bxd5 9. f4 f6 10. Ng3 Bf7 11. Nce4 Qd7 12. fxe5 Nxe5 13. Rxf6 O-O-O 14. Rf1 h5 15. Bg5 h4 16. Nf5 Bh5 17. Qc1 Rdf8 18. Nxh4 Rxf1+ 19. Kxf1 Nxd3 20. Qe3 Rf8+ 21. Kg1 Nxb2 22. Nc5 Qc6 23. Qh3+ Kb8 24. Nd7+ Ka8 25. Nxf8 Qc5+ 26. Kh1 Qxf8 27. Qb3 Nd1 28. Nf3 Nf2+ 29. Kg1 Bxf3 30. Qxf3 Qxf3 31. gxf3 Nh3+ 32. Kh1 Bc3 33. Rg1 Nxg1 34. Kxg1 Kb8 35. Kf2 Kc8 36. Ke3 Kd7 37. Kd3 Be5 38. f4 Bd6 39. Ke4 Ke6 40. f5+ Kd7 41. h4 Bf8 42. h5 b5 43. Be3 a5 44. Bd4 c5 45. Bb2 Kd6 46. f6 gxf6 47. Kf5 Ke7 48. Bxf6+ Kf7 49. Bb2 Bh6 50. Bh8 Kg8 51. Be5 Kf7 52. Bd6 c4 53. Ke5 Be3 54. Kd5 Kf6 55. Bc7 a4 56. Ba5 Kg5 57. Kc6 Kxh5 58. Kxb5 a3 59. Bb4 Kg5 60. Bxa3 Kf5 61. Bc5 Bd2 62. a4 Ke6 63. Bb4 Be3 64. Kc6 Ba7 65. Bc5 Bb8 66. a5 Ke5 67. a6 c3 68. Kb7 Kd5 1-0

[Event "Summer Prague Open-A 2024"]
[Site "Prague"]
[Date "2024.08.06"]
[Round "6.10"]
[White "Kulhanek, Tomas"]
[Black "Taborsky, Rostislav"]
[Result "1/2-1/2"]
[Annotator "RC"]
[ECO "C02"]
[WhiteElo "2317"]
[BlackElo "2051"]
[PlyCount "71"]
[EventDate "2024.08.02"]
[EventType "swiss"]
[EventCountry "CZE"]
[SourceTitle "playchess.com"]
[Source "ChessBase"]
[SourceQuality "1"]
[TimeControl "40/5400+30:1800+30"]

1. e4 e6 2. d4 d5 3. e5 c5 4. c3 Nc6 5. Nf3 Qb6 6. Bd3 cxd4 7. O-O Bd7 8. Re1 Nge7 9. h4 a6 10. h5 g6 11. Nbd2 dxc3 12. bxc3 Qc7 13. Ba3 Nf5 14. Bxf8 Rxf8 15. c4 O-O-O 16. cxd5 exd5 17. Rb1 Rde8 18. Nb3 Nxe5 19. Rxe5 Rxe5 20. Rc1 Bc6 21. Nxe5 Qxe5 22. Na5 Nd4 23. Bxa6 Kd7 24. Bf1 Ra8 25. Nc4 dxc4 26. Rxc4 Ra4 27. Rxa4 Bxa4 28. Qxa4+ b5 29. Qa7+ Ke6 30. h6 Nf3+ 31. gxf3 Qg5+ 32. Kh2 Qf4+ 33. Kg2 Qg5+ 34. Kh1 Qxh6+ 35. Kg1 Qg5+ 36. Bg2 1/2-1/2

[Event "Summer Prague Open-A 2024"]
[Site "Prague"]
[Date "2024.08.06"]
[Round "6.11"]
[White "Ptacnikova, Lenka"]
[Black "Eret, Matous"]
[Result "0-1"]
[Annotator "RC"]
[ECO "A20"]
[WhiteElo "2086"]
[BlackElo "2316"]
[PlyCount "92"]
[EventDate "2024.08.02"]
[EventType "swiss"]
[EventCountry "CZE"]
[SourceTitle "playchess.com"]
[Source "ChessBase"]
[SourceQuality "1"]
[TimeControl "40/5400+30:1800+30"]

1. c4 e5 2. g3 Nf6 3. Bg2 d6 4. Nc3 Be7 5. d4 Nbd7 6. Nf3 O-O 7. O-O c6 8. e4 a6 9. d5 cxd5 10. cxd5 b5 11. Nd2 Nb6 12. h3 g6 13. Nb3 b4 14. Ne2 a5 15. Bh6 Re8 16. Rc1 Ba6 17. Na1 Nc4 18. b3 Nb2 19. Qd2 Nd3 20. Rcd1 Rc8 21. Be3 Nc5 22. f3 Nh5 23. Kh2 f5 24. g4 fxg4 25. hxg4 Nf4 26. Nxf4 exf4 27. Bxf4 Bxf1 28. Bxf1 Bf6 29. Nc2 Rf8 30. Kg2 Qe7 31. Qe2 Be5 32. Bxe5 Qxe5 33. Nd4 h5 34. gxh5 gxh5 35. Nf5 Rce8 36. Nh4 Rf4 37. Kh3 Kh7 38. Ng2 Rf6 39. Re1 Rg8 40. f4 Qc3+ 41. Qe3 Rfg6 42. Qxc3 bxc3 43. e5 Rg3+ 44. Kh2 Nd3 45. Bxd3+ Rxd3 46. Ne3 c2 0-1

[Event "Summer Prague Open-A 2024"]
[Site "Prague"]
[Date "2024.08.06"]
[Round "6.12"]
[White "Mirimanian, Hayk"]
[Black "Bacak, Petr"]
[Result "1/2-1/2"]
[Annotator "NA RC"]
[ECO "B92"]
[WhiteElo "2290"]
[BlackElo "2049"]
[PlyCount "98"]
[EventDate "2024.08.02"]
[EventType "swiss"]
[EventCountry "CZE"]
[SourceTitle "playchess.com"]
[Source "ChessBase"]
[SourceQuality "1"]
[TimeControl "40/5400+30:1800+30"]

1. e4 c5 2. Nf3 d6 3. d4 cxd4 4. Nxd4 Nf6 5. Nc3 a6 6. Be2 e5 7. Nb3 Be7 8. O-O O-O 9. Be3 Be6 10. Qd3 Nbd7 11. Nd5 Bxd5 12. exd5 b6 13. c4 Nc5 14. Qc2 Nfd7 15. Nd2 a5 16. b3 Bg5 17. Bxg5 Qxg5 18. a3 Qg6 19. Qxg6 hxg6 20. b4 axb4 21. axb4 Nb7 22. Rfc1 Rfc8 23. Bd1 Nf6 24. Ba4 Nd8 25. Kf1 Kf8 26. Bb5 Ke7 27. Ke2 Ne8 28. Kd3 Nc7 29. h4 Rxa1 30. Rxa1 Ra8 31. Rxa8 Nxa8 32. Ne4 Nc7 33. Ba4 f5 34. Nc3 Na6 35. Na2 Nf7 36. Bc6 e4+ 37. Kd4 Ne5 38. Bb7 Nc7 39. Nc1 Ng4 40. f3 exf3 41. gxf3 Ne5 42. f4 Nf3+ 43. Ke3 Nxh4 44. Nd3 Kf6 45. c5 bxc5 46. bxc5 dxc5 47. d6 Ne6 48. Bd5 Nf8 49. Nxc5 g5 1/2-1/2

[Event "Summer Prague Open-A 2024"]
[Site "Prague"]
[Date "2024.08.06"]
[Round "6.13"]
[White "Kuhn, Ulf"]
[Black "Neukirchner, Pascal"]
[Result "1-0"]
[Annotator "RC"]
[ECO "A37"]
[WhiteElo "2082"]
[BlackElo "2261"]
[PlyCount "151"]
[EventDate "2024.08.02"]
[EventType "swiss"]
[EventCountry "CZE"]
[SourceTitle "playchess.com"]
[Source "ChessBase"]
[SourceQuality "1"]
[TimeControl "40/5400+30:1800+30"]

1. c4 c5 2. Nc3 g6 3. Nf3 Bg7 4. g3 Nc6 5. Bg2 d6 6. O-O e5 7. a3 a5 8. d3 Nge7 9. Ne1 Be6 10. Be3 O-O 11. Nc2 Rb8 12. Rb1 Qd7 13. b4 axb4 14. axb4 b6 15. Bg5 f6 16. Bd2 Bh3 17. b5 Bxg2 18. Kxg2 Nd4 19. Ne3 Qb7+ 20. Ned5 Ra8 21. e3 Nxd5 22. Nxd5 Ne6 23. Qf3 Kh8 24. Ra1 f5 25. e4 Nd4 26. Qd1 f4 27. f3 Bh6 28. g4 Bg5 29. Bc3 Ne6 30. Qb3 h5 31. gxh5 gxh5 32. Kh1 Bh4 33. Qb2 Rxa1 34. Rxa1 Ng5 35. Qg2 Rg8 36. Rg1 Qf7 37. Nxb6 Rg6 38. Qf1 Bf2 39. Rxg5 Rxg5 40. Qxf2 Qa7 41. Nd5 Qa4 42. Qf1 Qb3 43. Qc1 Kh7 44. Ne7 Rg7 45. Nf5 Rg6 46. Ne7 Rg7 47. Nc6 h4 48. Na5 Qa4 49. Qb1 h3 50. Qb3 Qxb3 51. Nxb3 Rg2 52. b6 Rf2 53. Nd2 Re2 54. Kg1 Rg2+ 55. Kf1 Rxh2 56. b7 Rh1+ 57. Kf2 Rh2+ 58. Kg1 Rg2+ 59. Kh1 Rg8 60. Nb3 Rb8 61. Na5 Kg6 62. Kh2 Kg7 63. Kxh3 Kf8 64. Be1 Ke8 65. Kg4 Kd7 66. Kf5 Kc7 67. Ke6 Re8+ 68. Kd5 Rh8 69. Nb3 Rh3 70. Ba5+ Kxb7 71. Kxd6 Rxf3 72. Nxc5+ Kc8 73. Kxe5 Rf1 74. Bd2 f3 75. Kf4 f2 76. Be3 1-0

[Event "Summer Prague Open-A 2024"]
[Site "Prague"]
[Date "2024.08.06"]
[Round "6.14"]
[White "Toure, Ananth"]
[Black "Petr, Jakub"]
[Result "0-1"]
[Annotator "NA RC"]
[ECO "C54"]
[WhiteElo "2073"]
[BlackElo "2243"]
[PlyCount "64"]
[EventDate "2024.08.02"]
[EventType "swiss"]
[EventCountry "CZE"]
[SourceTitle "playchess.com"]
[Source "ChessBase"]
[SourceQuality "1"]
[TimeControl "40/5400+30:1800+30"]

1. e4 e5 2. Nf3 Nc6 3. Bc4 Bc5 4. c3 Nf6 5. d4 exd4 6. b4 Be7 7. e5 Ne4 8. b5 Na5 9. Bd3 Nxc3 10. Nxc3 dxc3 11. Qa4 c6 12. Qg4 g6 13. Bh6 d5 14. Qf4 Be6 15. O-O c5 16. Rad1 Qb6 17. Ng5 c4 18. Be2 Qxb5 19. Bg4 O-O-O 20. Nxf7 Qd7 21. Bxe6 Qxe6 22. Nxh8 Rxh8 23. Qd4 c2 24. Rd2 Nc6 25. Qxd5 Qxd5 26. Rxd5 Rd8 27. Rxd8+ Kxd8 28. Rc1 Nd4 29. Kf1 Ba3 30. Re1 b5 31. Be3 Nb3 32. Bg5+ Ke8 0-1

[Event "Summer Prague Open-A 2024"]
[Site "Prague"]
[Date "2024.08.06"]
[Round "6.15"]
[White "Sramek, Vojtech"]
[Black "Hozda, Max"]
[Result "1-0"]
[Annotator "RC"]
[ECO "B14"]
[WhiteElo "2237"]
[BlackElo "2046"]
[PlyCount "213"]
[EventDate "2024.08.02"]
[EventType "swiss"]
[EventCountry "CZE"]
[SourceTitle "playchess.com"]
[Source "ChessBase"]
[SourceQuality "1"]
[TimeControl "40/5400+30:1800+30"]

1. e4 c6 2. d4 d5 3. exd5 cxd5 4. c4 Nf6 5. Nc3 e6 6. Nf3 Bb4 7. cxd5 Nxd5 8. Bd2 O-O 9. Bd3 Nc6 10. O-O Be7 11. a3 Bf6 12. Nxd5 exd5 13. h3 Qb6 14. Bc3 g6 15. Bc2 Be6 16. Qd2 Rac8 17. Rfe1 Qc7 18. Re2 Rfe8 19. Rae1 b5 20. Bb3 Qd6 21. Ne5 Red8 22. Qh6 Qf8 23. Qxf8+ Kxf8 24. Nxc6 Rxc6 25. Bb4+ Be7 26. Ba5 Rd7 27. Rc2 Rxc2 28. Bxc2 Kg7 29. Bd3 Rb7 30. Bb4 Bxb4 31. axb4 a6 32. Rc1 Rb6 33. Kf1 h5 34. h4 f5 35. Ke2 Kf6 36. Kf3 Rd6 37. g3 Bd7 38. Rc7 Be6 39. Ke3 Bd7 40. Kd2 Be6 41. Ra7 Rc6 42. Be2 Rd6 43. Ra8 Rc6 44. Rh8 Bf7 45. Rd8 Ke7 46. Ra8 Kf6 47. Bf3 Rd6 48. Rf8 Ke7 49. Rc8 Kf6 50. Bd1 Be6 51. Ra8 Rc6 52. Bb3 Rd6 53. Re8 Kf7 54. Ra8 Kf6 55. Ra7 Rc6 56. Rb7 Rd6 57. Rc7 Bf7 58. Ke3 Be6 59. Kf4 Bd7 60. Rc5 Be6 61. Rc3 Bf7 62. Re3 Be6 63. f3 Rd8 64. Re1 Rc8 65. Ra1 Rc6 66. Ke3 Bf7 67. Rg1 Be6 68. Kd2 Rc7 69. Re1 Rc6 70. Re5 Rd6 71. Ke3 Rd8 72. Kf4 Rd6 73. Re2 Rc6 74. Rc2 Rd6 75. Rc5 Bf7 76. g4 hxg4 77. fxg4 fxg4 78. Kxg4 Be6+ 79. Kf4 Bf7 80. Bd1 Re6 81. Bf3 Rd6 82. Bg4 Rd8 83. Rc6+ Kg7 84. Rxa6 Re8 85. Bf3 Re1 86. Rb6 Rb1 87. Rxb5 Rxb2 88. Rb7 Kf6 89. Rb6+ Kg7 90. Ke5 Rf2 91. Bg4 Rh2 92. Be6 Rxh4 93. Bxf7 Kxf7 94. Rb7+ Ke8 95. Kxd5 g5 96. b5 g4 97. Rg7 Kd8 98. b6 Kc8 99. Kc6 Rh6+ 100. Kc5 Rh5+ 101. d5 Rh1 102. Rxg4 Rh6 103. Rg8+ Kb7 104. Rg7+ Kb8 105. d6 Rh1 106. d7 Rc1+ 107. Kd6 1-0

[Event "Summer Prague Open-A 2024"]
[Site "Prague"]
[Date "2024.08.06"]
[Round "6.16"]
[White "Svacina, Tobias"]
[Black "Jun, Rudolf"]
[Result "1/2-1/2"]
[Annotator "NA RC"]
[ECO "A28"]
[WhiteElo "2071"]
[BlackElo "2198"]
[PlyCount "38"]
[EventDate "2024.08.02"]
[EventType "swiss"]
[EventCountry "CZE"]
[SourceTitle "playchess.com"]
[Source "ChessBase"]
[SourceQuality "1"]
[TimeControl "40/5400+30:1800+30"]

1. c4 Nf6 2. Nc3 e5 3. Nf3 Nc6 4. e4 Bb4 5. d3 a5 6. a3 Be7 7. d4 exd4 8. Nxd4 Nxd4 9. Qxd4 d6 10. Be2 O-O 11. O-O Nd7 12. Nd5 Nc5 13. Bd1 Bf6 14. Nxf6+ Qxf6 15. Qxf6 gxf6 16. Bc2 Re8 17. Bd2 Nxe4 18. Rfe1 Bf5 19. Bxe4 Bxe4 1/2-1/2

[Event "Summer Prague Open-A 2024"]
[Site "Prague"]
[Date "2024.08.06"]
[Round "6.17"]
[White "Yildirim, Kemal"]
[Black "Golenia, Jan"]
[Result "1/2-1/2"]
[Annotator "NA RC"]
[ECO "C60"]
[WhiteElo "2029"]
[BlackElo "2188"]
[PlyCount "46"]
[EventDate "2024.08.02"]
[EventType "swiss"]
[EventCountry "CZE"]
[SourceTitle "playchess.com"]
[Source "ChessBase"]
[SourceQuality "1"]
[TimeControl "40/5400+30:1800+30"]

1. e4 e5 2. Nf3 Nc6 3. Bb5 Nge7 4. Nc3 Ng6 5. d4 exd4 6. Nxd4 Bc5 7. Nb3 Bb6 8. Nd5 O-O 9. O-O Re8 10. Nxb6 axb6 11. f3 Qh4 12. Nd4 Nxd4 13. Qxd4 Qh5 14. a4 Qc5 15. Qxc5 bxc5 16. Rd1 Re7 17. h4 h5 18. Be3 d6 19. a5 f6 20. Bf2 Be6 21. a6 bxa6 22. Bxa6 Ree8 23. Bb7 Rxa1 1/2-1/2

[Event "Summer Prague Open-A 2024"]
[Site "Prague"]
[Date "2024.08.06"]
[Round "6.18"]
[White "Pujari, Rucha"]
[Black "Galymbek, Alikhan"]
[Result "1/2-1/2"]
[Annotator "RC"]
[ECO "D70"]
[WhiteElo "2175"]
[BlackElo "1970"]
[PlyCount "107"]
[EventDate "2024.08.02"]
[EventType "swiss"]
[EventCountry "CZE"]
[SourceTitle "playchess.com"]
[Source "ChessBase"]
[SourceQuality "1"]
[TimeControl "40/5400+30:1800+30"]

1. d4 Nf6 2. c4 g6 3. Nf3 Bg7 4. g3 b6 5. Bg2 Bb7 6. O-O O-O 7. d5 c6 8. Nc3 cxd5 9. cxd5 Na6 10. e4 e6 11. Bg5 h6 12. Bf4 exd5 13. e5 Nh5 14. Be3 d6 15. exd6 Qxd6 16. Qd2 Kh7 17. Rfd1 Nc7 18. Rac1 Qd7 19. h3 Rad8 20. g4 Nf6 21. a4 Ne6 22. Nb5 Ne4 23. Qb4 Ba6 24. Nfd4 Bxb5 25. axb5 Bxd4 26. Bxd4 Nf4 27. Rc6 Rc8 28. Be3 Nxg2 29. Kxg2 Rfe8 30. Rxc8 Qxc8 31. Qd4 Rd8 32. Rc1 Qd7 33. Rc6 Qe7 34. b3 Nc5 35. b4 Ne6 36. Qd2 d4 37. Bf4 Nxf4+ 38. Qxf4 d3 39. Rc1 Kg8 40. Rd1 Qd7 41. Qxh6 Qd5+ 42. f3 Qxb5 43. Qf4 a5 44. bxa5 bxa5 45. h4 a4 46. h5 a3 47. hxg6 fxg6 48. Qe4 Qa6 49. Rxd3 Qxd3 50. Qe6+ Kg7 51. Qe7+ Kh8 52. Qf6+ Kh7 53. Qe7+ Kh6 54. Qh4+ 1/2-1/2

[Event "Summer Prague Open-A 2024"]
[Site "Prague"]
[Date "2024.08.06"]
[Round "6.19"]
[White "Zvolensky, David"]
[Black "Radovic, Stefan"]
[Result "1-0"]
[Annotator "NA RC"]
[ECO "D31"]
[WhiteElo "2167"]
[BlackElo "1967"]
[PlyCount "81"]
[EventDate "2024.08.02"]
[EventType "swiss"]
[EventCountry "CZE"]
[SourceTitle "playchess.com"]
[Source "ChessBase"]
[SourceQuality "1"]
[TimeControl "40/5400+30:1800+30"]

1. d4 d5 2. c4 e6 3. Nc3 Bb4 4. a3 Bxc3+ 5. bxc3 Nf6 6. e3 O-O 7. cxd5 exd5 8. Bd3 b6 9. Ne2 c5 10. O-O Re8 11. f3 Ba6 12. Bxa6 Nxa6 13. Qd3 Nc7 14. Ng3 cxd4 15. cxd4 Ne6 16. Bb2 b5 17. e4 Nf4 18. Qd2 N6h5 19. Nxh5 Nxh5 20. e5 g6 21. Rac1 Qb6 22. f4 Rac8 23. f5 Ng7 24. fxg6 hxg6 25. Qf2 Qe6 26. Rcd1 Qf5 27. Qe3 Qh5 28. Qb3 Rc4 29. Qxb5 Rc2 30. Qxd5 Nf5 31. Bc1 Rec8 32. e6 fxe6 33. Qxe6+ Kg7 34. Qd7+ Kh8 35. Bf4 Rxg2+ 36. Kh1 Rxh2+ 37. Bxh2 Ng3+ 38. Kg1 Ne2+ 39. Kg2 Qg5+ 40. Kh1 Ng3+ 41. Bxg3 1-0